 Dungeon Crawl Stone Soup version 0.22-a0-42-g002c468 (webtiles) character file.

52747 tidbits the Reanimator (level 14, -4/108 HPs)
             Began as a Gnoll Necromancer on Jan 5, 2018.
             Was a High Priest of Cheibriados.
             Slain by a death yak (18 damage)
             ... led by Polyphemus
             ... on level 4 of the Shoals.
             The game lasted 01:35:02 (6095 turns).

tidbits the Reanimator (Gnoll Necromancer)          Turns: 6095, Time: 01:35:03

Health: -4/108     AC: 25    Str: 26    XL:     14   Next: 65%
Magic:  6/31       EV: 25    Int: 44    God:    Cheibriados [*****.]
Gold:   368        SH: 14    Dex: 28    Spells: 3/33 levels left

rFire    . . .     SeeInvis .   a - +8 whip of Tension {venom, rN+ Int+4}
rCold    . . .     Gourm    .   D - +0 shield of the Shoals {+Fly rElec Int+4} (curse)
rNeg     + + .     Faith    .   B - +1 steam dragon scales
rPois    .         Spirit   .   E - +2 helmet
rElec    +         Reflect  .   C - +1 cloak
rCorr    .         Harm     .   G - +2 pair of gloves
MR       +....                  F - +2 pair of boots
Stlth    +++++.....             (no amulet)
HPRegen  0.28/turn              U - +3 ring of protection
MPRegen  0.22/turn              W - ring of Vopy {rN+ EV+3}

@: death channel, flying, very slow
A: distributed training, fangs 1, yellow scales 1, blink, high mp 1, strong 1,
strong nose
a: Blink, Bend Time, Temporal Distortion, Slouch, Step From Time, Renounce
Religion


You were on level 4 of the Shoals.
You worshipped Cheibriados.
Cheibriados was extremely pleased with you.
You were very full.

You visited 5 branches of the dungeon, and saw 25 of its levels.
You visited 1 bazaar.
You also visited: Sewer.

You collected 1352 gold pieces.
You spent 984 gold pieces at shops.

Inventory:

Hand Weapons
 a - the +8 whip of Tension (weapon) {venom, rN+ Int+4}
   (You found it on level 4 of the Dungeon)

   It poisons the flesh of those it strikes.
   It affects your intelligence (+4).
   It protects you from negative energy.
 b - the +7 hunting sling of the Three Beds {velocity, rF++ Str+7}
   (You found it on level 10 of the Dungeon)

   Any stone fired from it inflicts extra damage.
   It affects your strength (+7).
   It greatly protects you from fire.
 d - a +2 dagger of protection
   (You took it off a big kobold on level 10 of the Dungeon)
 n - a +2 scimitar of holy wrath
   (You took it off Frances on level 2 of the Shoals)
 t - a +4 hand axe of electrocution
   (You took it off an orc on level 13 of the Dungeon)
 H - a +0 broad axe of chopping
   (You found it on level 8 of the Dungeon)
Missiles
 q - 12 silver javelins
 u - 3 poisoned tomahawks
 x - 41 arrows
 y - 14 poisoned javelins (quivered)
 Q - a throwing net {!f}
 X - 17 tomahawks
Armour
 w - the +8 orange crystal plate armour {Archmagi, Int+3 Clar}
   (You took it off a rakshasa on level 12 of the Dungeon)

   It affects your intelligence (+3).
   It protects you against confusion.
 B - +1 steam dragon scales (worn)
 C - a +1 cloak (worn)
 D - the cursed +0 shield of the Shoals (worn) {+Fly rElec Int+4}
   (You bought it in a shop in a bazaar)

   It affects your intelligence (+4).
   It insulates you from electricity.
   It lets you fly.
   It has a curse placed upon it.
 E - a +2 helmet (worn)
 F - a +2 pair of boots (worn)
 G - a +2 pair of gloves (worn)
Jewellery
 e - an uncursed ring of protection from cold
   (You found it on level 13 of the Dungeon)
 p - an uncursed ring of flight
   (You found it on level 12 of the Dungeon)
 K - the ring of Bublawka {rF+ rN+}
   (You took it off a rakshasa on level 12 of the Dungeon)

   [ring of protection from fire]

   It protects you from fire.
   It protects you from negative energy.
 U - a +3 ring of protection (left hand)
   (You found it on level 3 of the Dungeon)
 W - the ring of Vopy (right hand) {rN+ EV+3}
   (You bought it in a shop on level 11 of the Dungeon)

   [ring of evasion]

   It affects your evasion (+3).
   It protects you from negative energy.
 Z - the ring of Xom's Wantonness {*Tele Str-4 Int+2 Dex+3 Slay+3}
   (You found it on level 12 of the Dungeon)

   [ring of teleportation]

   It may teleport you next to monsters.
   It affects your strength (-4).
   It affects your intelligence (+2).
   It affects your dexterity (+3).
   It affects your accuracy and damage with ranged weapons and melee attacks
   (+3).
Wands
 o - a wand of flame (23)
 s - a wand of digging (4)
 v - a wand of paralysis (23)
 I - a wand of polymorph (10)
 M - a wand of enslavement (12)
Scrolls
 f - 3 scrolls of magic mapping
 g - 5 scrolls of remove curse
 i - 3 scrolls of identify
 l - 2 scrolls of immolation
 L - 2 scrolls of enchant weapon
 O - a scroll of enchant armour
 S - a scroll of torment
Potions
 k - a potion of lignification
 r - 3 potions of flight
 z - 2 potions of haste
 A - 2 potions of berserk rage
 J - 2 potions of cancellation
 R - a potion of brilliance
Books
 m - a book of Geomancy
   (You found it on level 12 of the Dungeon)

   Spells                             Type                      Level
   a - Sandblast                      Earth                        1
   b - Passwall                       Transmutation/Earth          2
   c - Stone Arrow                    Conjuration/Earth            3
   d - Petrify                        Transmutation/Earth          4
   e - Lee's Rapid Deconstruction     Earth                        5
 T - a book of Necromancy

   Spells                             Type                      Level
   a - Pain                           Necromancy                   1
   b - Animate Skeleton               Necromancy                   1
   c - Vampiric Draining              Necromancy                   3
   d - Regeneration                   Charms/Necromancy            3
   e - Animate Dead                   Necromancy                   4
   f - Borgnjor's Vile Clutch         Necromancy/Earth             5
 Y - a book of the Sky
   (You found it on level 12 of the Dungeon)

   Spells                             Type                      Level
   a - Summon Lightning Spire         Summoning/Air                4
   b - Silence                        Hexes/Air                    5
   c - Deflect Missiles               Charms/Air                   6
   d - Conjure Ball Lightning         Conjuration/Air              6
   e - Tornado                        Air                          9
Comestibles
 c - 9 rations


   Skills:
 + Level 9.2 Fighting
 + Level 9.2 Short Blades
 + Level 9.2 Long Blades
 + Level 9.2 Axes
 + Level 9.2 Maces & Flails
 + Level 9.2 Polearms
 + Level 9.2 Staves
 + Level 9.2 Slings
 + Level 9.2 Bows
 + Level 9.2 Crossbows
 + Level 9.2 Throwing
 + Level 9.2 Armour
 + Level 10.3 Dodging
 + Level 10.1 Stealth
 + Level 9.2 Shields
 + Level 9.2 Unarmed Combat
 + Level 10.4 Spellcasting
 + Level 7.7 Conjurations
 + Level 7.7 Hexes
 + Level 7.7 Charms
 + Level 7.7 Summonings
 + Level 10.4 Necromancy
 + Level 7.7 Translocations
 + Level 7.7 Transmutations
 + Level 7.7 Fire Magic
 + Level 7.7 Ice Magic
 + Level 7.7 Air Magic
 + Level 7.7 Earth Magic
 + Level 7.7 Poison Magic
 + Level 10.0 Invocations
 + Level 9.2 Evocations


You had 3 spell levels left.
You knew the following spells:

 Your Spells              Type           Power        Failure   Level  Hunger
d - Death Channel         Necr           #######...   5%          6    ###....
n - Animate Skeleton      Necr           N/A          1%          1    None
p - Passwall              Tmut/Erth      ######....   1%          2    None
r - Regeneration          Chrm/Necr      #######...   1%          3    None
v - Borgnjor's Vile Clut  Necr/Erth      #######...   1%          5    None
D - Lee's Rapid Deconstr  Erth           ######....   3%          5    None
L - Summon Lightning Spi  Summ/Air       ######..     1%          4    None
N - Animate Dead          Necr           N/A          1%          4    None


Dungeon Overview and Level Annotations

Branches:
Dungeon (14/15)            Temple (1/1) D:5            Lair (4/6) D:9
 Shoals (4/4) Lair:4        Snake (0/4) Lair:4          Orc (2/2) D:12
    Elf (0/3) Orc:2        Vaults (0/5) D:13

Altars:
Ashenzari
Cheibriados
Dithmenos
Fedhas
Gozag
Hepliaklqana
Kikubaaqudgha
Makhleb
Nemelex Xobeh
Okawaru
Qazlal
Sif Muna
Trog
Uskayaw
Vehumet
Wu Jian
Xom
Yredelemnul
Zin
The Shining One
Beogh

Shops:
D:11 }=   D:12 :(:}   Orc:2 (%*}

Portals:
Bazaar: D:12

Annotations:
Shoals:4 Ilsuiw, Polyphemus


Innate Abilities, Weirdness & Mutations

Your experience applies equally to all skills.
You have very sharp teeth.
Your uncanny sense of smell can sniff out nearby items.
You are partially covered in yellow scales. (AC +2)
You can translocate small distances at will.
You have an increased reservoir of magic. (+10% MP)
Your muscles are strong. (Str +2)


Message History

The faun unwields an uncursed spear.
The faun wields a hunting sling.
The faun shoots a sling bullet.
You block the sling bullet.
You hear a splash.
Found five items. 3 yaks, 2 merfolk, Polyphemus and a faun come into view.
A merfolk javelineer is wielding a spear of flaming.
Okay, then.
Unknown command.
Okay, then.
Unknown command.
Unknown command.
Unknown command.
Okay, then.
Unknown command.
Okay, then.
Unknown command.
Okay, then.
Unknown command.
Okay, then.
Evoke which item? (* to show all) (? for menu, Esc to quit)
Okay, then.
Unknown command.
Press: ? - help, v - describe, . - travel
Here: a satyr, wielding a longbow Some shallow water.
Unknown command.
Okay, then.
Unknown command.
Evoke which item? (* to show all) (? for menu, Esc to quit)
Aiming: Enslavement
Press: ? - help, Shift-Dir - straight line, f - satyr
Aim: a satyr, wielding a longbow (chance to defeat MR: 53%)
The satyr resists with significant effort.
The death yak bellows!
You hear a bellow!
You block the sea snake's attack. Polyphemus wildly rolls his eye at you.
The sea snake closely misses you.
The faun shoots a sling bullet.
The sling bullet hits you but does no damage.
You hear a splash.
Evoke which item? (* to show all) (? for menu, Esc to quit)
Aiming: Throw Flame
Press: ? - help, Shift-Dir - straight line, f - Polyphemus, p - satyr
Aim: Polyphemus The sea snake completely misses you.
Okay, then.
Okay, then.
Unknown command.
Unknown command.
Unknown command.
Unknown command.
Okay, then.
Unknown command.
Okay, then.
Unknown command.
Unknown command.
Okay, then.
Okay, then.
Unknown command.
Evoke which item? (* to show all) (? for menu, Esc to quit)
Aiming: Polymorph
Press: ? - help, Shift-Dir - straight line, f/p - Polyphemus
Aim: Polyphemus (steam, lightly wounded, chance to defeat MR: 36%)
Okay, then.
Unknown command.
Evoke which item? (* to show all) (? for menu, Esc to quit)
Aiming: Paralyse
Press: ? - help, Shift-Dir - straight line, p - Polyphemus
Okay, then.
Evoke which item? (* to show all) (? for menu, Esc to quit)
Aiming: Throw Flame
Press: ? - help, Shift-Dir - straight line, f - satyr, p - Polyphemus
Aim: a satyr, wielding a longbow The puff of flame hits the satyr.
The satyr is lightly wounded.
Your skin stops crawling.
The faun moves out of view.
The satyr is engulfed in a cloud of scalding steam.
Polyphemus throws a large rock.
The large rock hits you!!
* * * LOW HITPOINT WARNING * * *
You hear a splash.
The sea snake completely misses you.
The merfolk javelineer is engulfed in a cloud of scalding steam.
A death yak comes into view.
Okay, then.
Unknown command.
Unknown command.
Okay, then.
Unknown command.
Okay, then.
Unknown command.
Unknown command.
Okay, then.
Unknown command.
Evoke which item? (* to show all) (? for menu, Esc to quit)
Aiming: Enslavement
Press: ? - help, Shift-Dir - straight line, f - sea snake, p - satyr
Aim: a sea snake (chance to defeat MR: 53%)
The sea snake resists with significant effort.
The death yak gores you!!
You die...

≈≈≈≈≈≈≈ ≈≈≈≈≈≈≈
≈≈≈≈≈.. .
≈≈≈≈=.. #..
≈≈≈≈§.. ≈≈.P
≈≈≈Y≈C. ##§≈(≈P
≈≈≈≈≈≈§#§cm≈≈≈P
≈≈≈..≈Y@S≈≈≈≈≈#
≈≈≈..YPP≈≈≈φ≈≈≈
≈≈≈..≈P##m≈≈≈≈≈
≈≈≈≈≈≈P ≈≈≈≈≈≈
≈≈≈≈≈≈Y ≈≈≈##
≈≈≈≈≈≈≈ ≈≈≈≈≈
≈≈≈≈≈≈≈ ≈#≈≈
≈≈≈≈≈≈≈ ≈≈≈≈


You could see Polyphemus, a merfolk javelineer, 3 death yaks, a catoblepas, a
satyr, a sea snake and a merfolk.

Vanquished Creatures
  Frances (Shoals:2)
  Snorg (Orc:2)
  2 merfolk javelineers (Shoals:2)
  3 merfolk impalers
  3 vault guards (D:13)
  3 hydras
  A rakshasa (D:12)
  3 centaur warriors
  2 merfolk aquamancers (Shoals:4)
  3 two-headed ogres
  6 orc high priests (Orc:2)
  2 cyclopes (D:12)
  Pikel (D:7)
  5 orc knights (Orc:2)
  A faun (Shoals:1)
  5 ugly things
  5 manticores
  3 centaur zombies
  2 merfolk sirens (Lair:4)
  3 trolls
  2 meliai (D:13)
  A hornet (D:11)
  12 merfolk
  2 snapping turtles (Shoals:2)
  Grinder (D:6)
  2 hippogriffs
  15 yaks
  A wraith (D:10)
  A basilisk (D:12)
  2 wargs
  A hungry ghost (D:11)
  A steam dragon (D:12)
  2 water moccasins (D:12)
  38 orc warriors
  A phantom (D:13)
  A black bear (D:12)
  3 eyes of draining
  2 ice beasts (D:9)
  3 sky beasts
  12 ogres
  2 centaurs
  3 big kobolds
  3 bullfrogs
  A water moccasin zombie (D:12)
  A scorpion (D:5)
  A wyvern skeleton (D:8)
  A water moccasin skeleton (D:11)
  5 killer bees
  5 jellies
  6 howler monkeys
  A spectral bullfrog (D:12)
  3 crimson imps
  3 bullfrog zombies (D:12)
  A quasit (D:8)
  26 orc priests
  4 hounds
  2 bullfrog skeletons
  5 centaur skeletons
  4 iguanas
  16 orc wizards
  A worker ant (D:8)
  A killer bee zombie (D:9)
  3 hound skeletons
  A howler monkey skeleton (D:9)
  A worker ant zombie (D:11)
  6 gnolls
  A river rat (D:3)
  6 adders
  A shadow imp (D:11)
  3 oozes
  An adder zombie (D:6)
  3 adder skeletons
  2 worms
  4 dart slugs
  3 leopard geckos
  76 orcs
  3 ball pythons
  7 giant cockroaches
  4 goblins
  5 hobgoblins
  7 jackals
  24 kobolds
  4 quokkas
  10 bats
  5 frilled lizards
  2 rats (D:3)
435 creatures vanquished.

Vanquished Creatures (collateral kills)
  Kirke (D:12)
  2 merfolk javelineers (Shoals:4)
  A vault guard (D:13)
  A merfolk aquamancer (Shoals:2)
  A wolf spider zombie (D:12)
  An ugly thing (D:12)
  A deep elf mage (D:13)
  A manticore (Shoals:4)
  A merfolk siren (Shoals:4)
  A gargoyle (D:12)
  3 merfolk
  2 trolls (Orc:2)
  A meliai (D:13)
  A hippogriff (D:13)
  A slime creature (D:12)
  A water elemental (Shoals:2)
  5 hogs (D:12)
  An ice beast (D:7)
  3 orc warriors (Orc:2)
  2 slaves (D:7)
  An ogre (D:4)
  2 centaurs (D:12)
  A big kobold (D:12)
  A gnoll sergeant (D:12)
  A scorpion (D:12)
  A crimson imp (D:13)
  An orc priest (Orc:2)
  2 bullfrog skeletons
  An iguana (D:4)
  3 worker ants
  A gnoll (D:12)
  An adder (D:12)
  A shadow imp (D:7)
  An ooze (D:2)
  5 orcs
  A jackal (D:2)
  4 kobolds
  A rat (D:2)
  A plant (Shoals:2)
61 creatures vanquished.

Vanquished Creatures (others)
  A two-headed ogre (D:12)
  A centaur (D:12)
  A centaur simulacrum (D:12)
  A slave (D:7)
  14 plants (Shoals:4)
18 creatures vanquished.

Grand Total: 514 creatures vanquished

Notes
Turn   | Place    | Note
-------+----------+-------------------------------------------
     0 | D:1      | tidbits the Gnoll Necromancer began the quest for the Orb.
     0 | D:1      | Reached XP level 1. HP: 13/13 MP: 6/6
    65 | D:1      | Reached XP level 2. HP: 15/19 MP: 5/7
   121 | D:1      | Gained mutation: Your muscles are strong. (Str +2) [potion of mutation]
   121 | D:1      | Gained mutation: You have an increased reservoir of magic. (+10% MP) [potion of mutation]
   121 | D:1      | Gained mutation: You can translocate small distances at will. [potion of mutation]
   121 | D:1      | Gained mutation: You are partially covered in yellow scales. (AC +2) [potion of mutation]
   142 | D:1      | HP: 1/20 [dart slug/slug dart (2)]
   145 | D:1      | Reached XP level 3. HP: 1/25 MP: 0/10
   149 | D:1      | HP: 1/25 [bat (1)]
   213 | D:1      | Reached skill level 5 in Spellcasting
   218 | D:1      | Learned a level 3 spell: Regeneration
   221 | D:1      | Learned a level 1 spell: Animate Skeleton
   225 | D:1      | Learned a level 3 spell: Vampiric Draining
   315 | D:2      | Reached skill level 1 in Invocations
   417 | D:2      | Reached skill level 1 in Fighting
   417 | D:2      | Reached skill level 1 in Short Blades
   417 | D:2      | Reached skill level 1 in Long Blades
   417 | D:2      | Reached skill level 1 in Axes
   417 | D:2      | Reached skill level 1 in Maces & Flails
   417 | D:2      | Reached skill level 1 in Polearms
   417 | D:2      | Reached skill level 1 in Staves
   417 | D:2      | Reached skill level 1 in Slings
   417 | D:2      | Reached skill level 1 in Bows
   417 | D:2      | Reached skill level 1 in Crossbows
   417 | D:2      | Reached skill level 1 in Throwing
   417 | D:2      | Reached skill level 1 in Armour
   417 | D:2      | Reached skill level 1 in Shields
   417 | D:2      | Reached skill level 1 in Unarmed Combat
   417 | D:2      | Reached skill level 1 in Evocations
   442 | D:2      | Reached XP level 4. HP: 28/32 MP: 10/12
   582 | D:4      | Found a hazy altar of Hepliaklqana.
   731 | D:4      | Noticed an ogre
   745 | D:4      | Killed an ogre
   745 | D:4      | Reached skill level 1 in Conjurations
   745 | D:4      | Reached skill level 1 in Hexes
   745 | D:4      | Reached skill level 1 in Charms
   745 | D:4      | Reached skill level 1 in Summonings
   745 | D:4      | Reached skill level 1 in Translocations
   745 | D:4      | Reached skill level 1 in Transmutations
   745 | D:4      | Reached skill level 1 in Fire Magic
   745 | D:4      | Reached skill level 1 in Ice Magic
   745 | D:4      | Reached skill level 1 in Air Magic
   745 | D:4      | Reached skill level 1 in Earth Magic
   745 | D:4      | Reached skill level 1 in Poison Magic
   745 | D:4      | Reached XP level 5. HP: 20/37 MP: 9/13
   785 | D:4      | Noticed an ogre
   798 | D:4      | Killed an ogre
   798 | D:4      | Reached skill level 2 in Invocations
   798 | D:4      | Reached XP level 6. HP: 38/44 MP: 10/15
   928 | D:3      | Reached skill level 5 in Dodging
   960 | D:3      | Found a glowing drain.
   973 | Sewer    | Entered a sewer
   977 | Sewer    | Reached skill level 2 in Fighting
   977 | Sewer    | Reached skill level 2 in Short Blades
   977 | Sewer    | Reached skill level 2 in Long Blades
   977 | Sewer    | Reached skill level 2 in Axes
   977 | Sewer    | Reached skill level 2 in Maces & Flails
   977 | Sewer    | Reached skill level 2 in Polearms
   977 | Sewer    | Reached skill level 2 in Staves
   977 | Sewer    | Reached skill level 2 in Slings
   977 | Sewer    | Reached skill level 2 in Bows
   977 | Sewer    | Reached skill level 2 in Crossbows
   977 | Sewer    | Reached skill level 2 in Throwing
   977 | Sewer    | Reached skill level 2 in Armour
   977 | Sewer    | Reached skill level 2 in Shields
   977 | Sewer    | Reached skill level 2 in Unarmed Combat
   977 | Sewer    | Reached skill level 2 in Evocations
  1185 | D:5      | Entered Level 5 of the Dungeon
  1189 | D:5      | Noticed an orc warrior
  1226 | D:4      | Got an encrusted whip
  1227 | D:4      | Identified the +8 whip of Tension {venom, rN+ Int+4} (You found it on level 4 of the Dungeon)
  1252 | D:5      | Killed an orc warrior
  1252 | D:5      | Reached XP level 7. HP: 37/50 MP: 11/16
  1295 | D:5      | Found a staircase to the Ecumenical Temple.
  1307 | Temple   | Entered the Ecumenical Temple
  1395 | D:5      | Reached skill level 2 in Conjurations
  1395 | D:5      | Reached skill level 2 in Hexes
  1395 | D:5      | Reached skill level 2 in Charms
  1395 | D:5      | Reached skill level 2 in Summonings
  1395 | D:5      | Reached skill level 2 in Translocations
  1395 | D:5      | Reached skill level 2 in Transmutations
  1395 | D:5      | Reached skill level 2 in Fire Magic
  1395 | D:5      | Reached skill level 2 in Ice Magic
  1395 | D:5      | Reached skill level 2 in Air Magic
  1395 | D:5      | Reached skill level 2 in Earth Magic
  1395 | D:5      | Reached skill level 2 in Poison Magic
  1521 | D:6      | Noticed Grinder
  1546 | D:6      | Killed Grinder
  1546 | D:6      | Reached skill level 5 in Stealth
  1546 | D:6      | Reached skill level 3 in Invocations
  1546 | D:6      | Reached XP level 8. HP: 50/57 MP: 18/18
  1610 | D:6      | Reached skill level 3 in Fighting
  1610 | D:6      | Reached skill level 3 in Short Blades
  1610 | D:6      | Reached skill level 3 in Long Blades
  1610 | D:6      | Reached skill level 3 in Axes
  1610 | D:6      | Reached skill level 3 in Maces & Flails
  1610 | D:6      | Reached skill level 3 in Polearms
  1610 | D:6      | Reached skill level 3 in Staves
  1610 | D:6      | Reached skill level 3 in Slings
  1610 | D:6      | Reached skill level 3 in Bows
  1610 | D:6      | Reached skill level 3 in Crossbows
  1610 | D:6      | Reached skill level 3 in Throwing
  1610 | D:6      | Reached skill level 3 in Armour
  1610 | D:6      | Reached skill level 3 in Shields
  1610 | D:6      | Reached skill level 3 in Unarmed Combat
  1610 | D:6      | Reached skill level 3 in Evocations
  1666 | D:7      | Noticed a two-headed ogre
  1676 | D:7      | Reached skill level 6 in Spellcasting
  1681 | D:7      | Noticed Pikel
  1689 | D:7      | Killed Pikel
  1689 | D:7      | Reached skill level 3 in Conjurations
  1689 | D:7      | Reached skill level 3 in Hexes
  1689 | D:7      | Reached skill level 3 in Charms
  1689 | D:7      | Reached skill level 3 in Summonings
  1689 | D:7      | Reached skill level 3 in Translocations
  1689 | D:7      | Reached skill level 3 in Transmutations
  1689 | D:7      | Reached skill level 3 in Fire Magic
  1689 | D:7      | Reached skill level 3 in Ice Magic
  1689 | D:7      | Reached skill level 3 in Air Magic
  1689 | D:7      | Reached skill level 3 in Earth Magic
  1689 | D:7      | Reached skill level 3 in Poison Magic
  1689 | D:7      | Reached skill level 4 in Invocations
  1698 | D:7      | Reached XP level 9. HP: 37/65 MP: 16/20
  1705 | D:7      | HP: 2/65 [two-headed ogre/giant spiked club (35)]
  1721 | D:6      | Found an opulent altar of Gozag.
  1732 | D:6      | Reached skill level 6 in Dodging
  1837 | D:7      | Killed a two-headed ogre
  1837 | D:7      | Reached skill level 4 in Fighting
  1837 | D:7      | Reached skill level 4 in Short Blades
  1837 | D:7      | Reached skill level 4 in Long Blades
  1837 | D:7      | Reached skill level 4 in Axes
  1837 | D:7      | Reached skill level 4 in Maces & Flails
  1837 | D:7      | Reached skill level 4 in Polearms
  1837 | D:7      | Reached skill level 4 in Staves
  1837 | D:7      | Reached skill level 4 in Slings
  1837 | D:7      | Reached skill level 4 in Bows
  1837 | D:7      | Reached skill level 4 in Crossbows
  1837 | D:7      | Reached skill level 4 in Throwing
  1837 | D:7      | Reached skill level 4 in Armour
  1837 | D:7      | Reached skill level 4 in Shields
  1837 | D:7      | Reached skill level 4 in Unarmed Combat
  1837 | D:7      | Reached skill level 4 in Evocations
  1859 | D:7      | Reached skill level 6 in Stealth
  1859 | D:7      | Reached skill level 8 in Necromancy
  1898 | D:7      | Found an ancient bone altar of Kikubaaqudgha.
  1980 | D:9      | Learned a level 5 spell: Borgnjor's Vile Clutch
  2013 | D:10     | Entered Level 10 of the Dungeon
  2096 | D:9      | Reached skill level 5 in Invocations
  2104 | D:9      | Learned a level 4 spell: Animate Dead
  2120 | D:9      | Found a staircase to the Lair.
  2210 | D:8      | Reached XP level 10. HP: 69/73 MP: 22/22
  2300 | D:8      | You fall through a shaft!
  2356 | D:9      | Reached skill level 7 in Spellcasting
  2404 | D:9      | Reached skill level 4 in Conjurations
  2404 | D:9      | Reached skill level 4 in Hexes
  2404 | D:9      | Reached skill level 4 in Charms
  2404 | D:9      | Reached skill level 4 in Summonings
  2404 | D:9      | Reached skill level 4 in Translocations
  2404 | D:9      | Reached skill level 4 in Transmutations
  2404 | D:9      | Reached skill level 4 in Fire Magic
  2404 | D:9      | Reached skill level 4 in Ice Magic
  2404 | D:9      | Reached skill level 4 in Air Magic
  2404 | D:9      | Reached skill level 4 in Earth Magic
  2404 | D:9      | Reached skill level 4 in Poison Magic
  2413 | D:9      | Reached skill level 5 in Fighting
  2413 | D:9      | Reached skill level 5 in Short Blades
  2413 | D:9      | Reached skill level 5 in Long Blades
  2413 | D:9      | Reached skill level 5 in Axes
  2413 | D:9      | Reached skill level 5 in Maces & Flails
  2413 | D:9      | Reached skill level 5 in Polearms
  2413 | D:9      | Reached skill level 5 in Staves
  2413 | D:9      | Reached skill level 5 in Slings
  2413 | D:9      | Reached skill level 5 in Bows
  2413 | D:9      | Reached skill level 5 in Crossbows
  2413 | D:9      | Reached skill level 5 in Throwing
  2413 | D:9      | Reached skill level 5 in Armour
  2413 | D:9      | Reached skill level 5 in Shields
  2413 | D:9      | Reached skill level 5 in Unarmed Combat
  2413 | D:9      | Reached skill level 5 in Evocations
  2439 | D:8      | Noticed a two-headed ogre
  2511 | D:9      | Found a burning altar of Makhleb.
  2586 | D:8      | Killed a two-headed ogre
  2586 | D:8      | Reached skill level 7 in Dodging
  2620 | D:8      | Found a shattered altar of Ashenzari.
  2758 | D:8      | Found a snail-covered altar of Cheibriados.
  2777 | D:8      | Became a worshipper of Cheibriados the Contemplative
  2781 | D:8      | Noticed a five-headed hydra
  2805 | D:8      | Killed a five-headed hydra
  2805 | D:8      | Reached skill level 7 in Stealth
  2805 | D:8      | Reached skill level 6 in Invocations
  2900 | D:11     | Found Muolezey's Jewellery Shop.
  2903 | D:11     | Bought the ring of Vopy {rN+ EV+3} for 386 gold pieces
  2994 | D:10     | Reached XP level 11. HP: 57/81 MP: 15/24
  3033 | D:10     | Reached * piety under Cheibriados
  3088 | D:10     | Got a dazzling hunting sling
  3089 | D:10     | Identified the +7 hunting sling of the Three Beds {velocity, rF++ Str+7} (You found it on level 10 of the Dungeon)
  3132 | D:12     | Found Noddu's Gadget Shop.
  3134 | D:12     | Noticed a centaur warrior
  3152 | D:12     | Killed a centaur warrior
  3157 | D:12     | Noticed a six-headed hydra
  3162 | D:12     | Killed a six-headed hydra
  3162 | D:12     | Reached skill level 6 in Fighting
  3162 | D:12     | Reached skill level 6 in Short Blades
  3162 | D:12     | Reached skill level 6 in Long Blades
  3162 | D:12     | Reached skill level 6 in Axes
  3162 | D:12     | Reached skill level 6 in Maces & Flails
  3162 | D:12     | Reached skill level 6 in Polearms
  3162 | D:12     | Reached skill level 6 in Staves
  3162 | D:12     | Reached skill level 6 in Slings
  3162 | D:12     | Reached skill level 6 in Bows
  3162 | D:12     | Reached skill level 6 in Crossbows
  3162 | D:12     | Reached skill level 6 in Throwing
  3162 | D:12     | Reached skill level 6 in Armour
  3162 | D:12     | Reached skill level 6 in Shields
  3162 | D:12     | Reached skill level 6 in Unarmed Combat
  3162 | D:12     | Reached skill level 5 in Conjurations
  3162 | D:12     | Reached skill level 5 in Hexes
  3162 | D:12     | Reached skill level 5 in Charms
  3162 | D:12     | Reached skill level 5 in Summonings
  3162 | D:12     | Reached skill level 5 in Translocations
  3162 | D:12     | Reached skill level 5 in Transmutations
  3162 | D:12     | Reached skill level 5 in Fire Magic
  3162 | D:12     | Reached skill level 5 in Ice Magic
  3162 | D:12     | Reached skill level 5 in Air Magic
  3162 | D:12     | Reached skill level 5 in Earth Magic
  3162 | D:12     | Reached skill level 5 in Poison Magic
  3162 | D:12     | Reached skill level 6 in Evocations
  3173 | D:12     | Noticed Kirke
  3173 | D:12     | Noticed a white ugly thing
  3179 | D:12     | Noticed a sphinx
  3180 | D:12     | Noticed a centaur warrior
  3180 | D:12     | Noticed a harpy
  3181 | D:12     | Noticed a harpy
  3181 | D:12     | Killed a white ugly thing
  3181 | D:12     | Reached skill level 8 in Spellcasting
  3184 | D:12     | Noticed a brown ugly thing
  3201 | D:12     | Killed a brown ugly thing
  3228 | D:12     | Noticed a two-headed ogre
  3249 | D:12     | Noticed a cyclops
  3258 | D:12     | Killed a cyclops
  3288 | D:12     | Reached skill level 9 in Necromancy
  3288 | D:12     | Reached skill level 7 in Invocations
  3303 | D:12     | Noticed a rakshasa
  3319 | D:12     | Noticed a centaur warrior
  3387 | D:10     | Reached ** piety under Cheibriados
  3387 | D:10     | Reached skill level 8 in Dodging
  3541 | D:11     | Noticed a manticore
  3544 | D:11     | Noticed an eight-headed hydra
  3548 | D:11     | Killed a manticore
  3552 | D:11     | Killed an eight-headed hydra
  3566 | D:11     | Noticed a purple ugly thing
  3576 | D:11     | Killed a purple ugly thing
  3594 | D:11     | Reached skill level 8 in Stealth
  3640 | D:11     | Found Tunoemod's Gadget Boutique.
  3657 | D:11     | Found a shimmering altar of Xom.
  3696 | D:12     | Found a staircase to the Orcish Mines.
  3700 | D:12     | Reached XP level 12. HP: 88/89 MP: 8/26
  3702 | D:12     | Killed a centaur warrior
  3702 | D:12     | Reached *** piety under Cheibriados
  3767 | D:12     | Reached skill level 7 in Fighting
  3767 | D:12     | Reached skill level 7 in Short Blades
  3767 | D:12     | Reached skill level 7 in Long Blades
  3767 | D:12     | Reached skill level 7 in Axes
  3767 | D:12     | Reached skill level 7 in Maces & Flails
  3767 | D:12     | Reached skill level 7 in Polearms
  3767 | D:12     | Reached skill level 7 in Staves
  3767 | D:12     | Reached skill level 7 in Slings
  3767 | D:12     | Reached skill level 7 in Bows
  3767 | D:12     | Reached skill level 7 in Crossbows
  3767 | D:12     | Reached skill level 7 in Throwing
  3767 | D:12     | Reached skill level 7 in Armour
  3767 | D:12     | Reached skill level 7 in Shields
  3767 | D:12     | Reached skill level 7 in Unarmed Combat
  3767 | D:12     | Reached skill level 7 in Evocations
  3797 | D:12     | Reached **** piety under Cheibriados
  3811 | D:12     | Killed Kirke
  3811 | D:12     | Reached skill level 6 in Conjurations
  3811 | D:12     | Reached skill level 6 in Hexes
  3811 | D:12     | Reached skill level 6 in Charms
  3811 | D:12     | Reached skill level 6 in Summonings
  3811 | D:12     | Reached skill level 6 in Translocations
  3811 | D:12     | Reached skill level 6 in Transmutations
  3811 | D:12     | Reached skill level 6 in Fire Magic
  3811 | D:12     | Reached skill level 6 in Ice Magic
  3811 | D:12     | Reached skill level 6 in Air Magic
  3811 | D:12     | Reached skill level 6 in Earth Magic
  3811 | D:12     | Reached skill level 6 in Poison Magic
  3859 | Orc:1    | Entered Level 1 of the Orcish Mines
  3870 | Orc:1    | Reached skill level 8 in Invocations
  3996 | Orc:1    | Found a roughly hewn altar of Beogh.
  4002 | Orc:2    | Entered Level 2 of the Orcish Mines
  4009 | Orc:2    | Noticed Snorg
  4009 | Orc:2    | Reached skill level 9 in Spellcasting
  4025 | Orc:2    | Killed Snorg
  4035 | Orc:2    | Reached ***** piety under Cheibriados
  4096 | Orc:2    | Noticed an orc high priest
  4103 | Orc:2    | Killed an orc high priest
  4143 | Orc:1    | Reached skill level 9 in Dodging
  4189 | Orc:2    | Reached XP level 13. HP: 44/98 MP: 17/28
  4224 | Orc:2    | Reached skill level 9 in Stealth
  4232 | Orc:2    | Found a radiant altar of Vehumet.
  4340 | Orc:2    | Found a staircase to the Elven Halls.
  4340 | Orc:2    | Found a roughly hewn altar of Beogh.
  4395 | Orc:2    | Reached skill level 8 in Fighting
  4395 | Orc:2    | Reached skill level 8 in Short Blades
  4395 | Orc:2    | Reached skill level 8 in Long Blades
  4395 | Orc:2    | Reached skill level 8 in Axes
  4395 | Orc:2    | Reached skill level 8 in Maces & Flails
  4395 | Orc:2    | Reached skill level 8 in Polearms
  4395 | Orc:2    | Reached skill level 8 in Staves
  4395 | Orc:2    | Reached skill level 8 in Slings
  4395 | Orc:2    | Reached skill level 8 in Bows
  4395 | Orc:2    | Reached skill level 8 in Crossbows
  4395 | Orc:2    | Reached skill level 8 in Throwing
  4395 | Orc:2    | Reached skill level 8 in Armour
  4395 | Orc:2    | Reached skill level 8 in Shields
  4395 | Orc:2    | Reached skill level 8 in Unarmed Combat
  4395 | Orc:2    | Reached skill level 8 in Evocations
  4450 | Orc:2    | Found Kenwesab's Gadget Emporium.
  4450 | Orc:2    | Found Poude's General Store.
  4451 | Orc:2    | Found Buakiav's Food Shoppe.
  4451 | Orc:2    | Found Leyd's Weapon Emporium.
  4471 | Orc:2    | Bought a potion of brilliance for 68 gold pieces
  4471 | Orc:2    | Bought a scroll of identify for 34 gold pieces
  4471 | Orc:2    | Bought a scroll of brand weapon for 340 gold pieces
  4569 | Orc:1    | Reached skill level 9 in Invocations
  4672 | D:12     | Learned a level 6 spell: Death Channel
  4679 | D:12     | Learned a level 4 spell: Summon Lightning Spire
  4681 | D:12     | Got a bound tin ring
  4683 | D:12     | Identified the ring of Xom's Wantonness {*Tele Str-4 Int+2 Dex+3 Slay+3} (You found it on level 12 of the Dungeon)
  4692 | D:12     | Found a hazy altar of Hepliaklqana.
  4693 | D:12     | Found a hide-covered altar of Uskayaw.
  4693 | D:12     | Found a shadowy altar of Dithmenos.
  4693 | D:12     | Found an ancient bone altar of Kikubaaqudgha.
  4761 | D:13     | Found a flickering gateway to a bazaar.
  4952 | Bazaar   | Entered a bazaar
  4959 | Bazaar   | Found Vaeck's General Store.
  4973 | Bazaar   | Found Cuenerph's Food Boutique.
  4987 | Bazaar   | Found Kamomun's Armour Shop.
  5001 | Bazaar   | Found Hochoph's Food Boutique.
  5015 | Bazaar   | Found Maneun's Jewellery Shop.
  5029 | Bazaar   | Found Soigeiro's Food Boutique.
  5043 | Bazaar   | Found Etomiesm's Food Shop.
  5117 | Bazaar   | Bought the cursed +0 shield of the Shoals {+Fly rElec Int+4} for 156 gold pieces
  5203 | D:13     | Found a gate to the Vaults.
  5203 | D:13     | Noticed a vault guard
  5203 | D:13     | Noticed a vault guard
  5203 | D:13     | Noticed a vault guard
  5203 | D:13     | Noticed a vault guard
  5213 | D:13     | Reached skill level 10 in Necromancy
  5217 | D:13     | Killed a vault guard
  5217 | D:13     | Reached skill level 7 in Conjurations
  5217 | D:13     | Reached skill level 7 in Hexes
  5217 | D:13     | Reached skill level 7 in Charms
  5217 | D:13     | Reached skill level 7 in Summonings
  5217 | D:13     | Reached skill level 7 in Translocations
  5217 | D:13     | Reached skill level 7 in Transmutations
  5217 | D:13     | Reached skill level 7 in Fire Magic
  5217 | D:13     | Reached skill level 7 in Ice Magic
  5217 | D:13     | Reached skill level 7 in Air Magic
  5217 | D:13     | Reached skill level 7 in Earth Magic
  5217 | D:13     | Reached skill level 7 in Poison Magic
  5232 | D:13     | Killed a vault guard
  5233 | D:13     | Killed a vault guard
  5234 | D:13     | Killed a vault guard
  5352 | D:12     | Found Botwaeva's Book Emporium.
  5400 | D:12     | Learned a level 2 spell: Passwall
  5407 | D:12     | Learned a level 5 spell: Lee's Rapid Deconstruction
  5424 | D:12     | Found Omaicyde's Book Emporium.
  5432 | D:12     | Found Ideuwnud's Antique Weapon Shop.
  5485 | D:12     | Killed a rakshasa
  5485 | D:12     | Reached skill level 10 in Spellcasting
  5487 | D:12     | Identified the ring of Bublawka {rF+ rN+} (You took it off a rakshasa on level 12 of the Dungeon)
  5532 | D:12     | Reached ****** piety under Cheibriados
  5552 | D:12     | Reached XP level 14. HP: 106/106 MP: 30/30
  5555 | D:12     | Found a gateway to a bazaar.
  5626 | Lair:1   | Entered Level 1 of the Lair of Beasts
  5774 | Lair:3   | Found a glowing golden altar of the Shining One.
  5782 | Lair:4   | Found a staircase to the Shoals.
  5796 | Shoals:1 | Entered Level 1 of the Shoals
  5852 | Shoals:2 | Noticed Frances
  5860 | Shoals:2 | Killed Frances
  5871 | Shoals:2 | Reached skill level 10 in Dodging
  5935 | Shoals:2 | Reached skill level 9 in Fighting
  5935 | Shoals:2 | Reached skill level 9 in Short Blades
  5935 | Shoals:2 | Reached skill level 9 in Long Blades
  5935 | Shoals:2 | Reached skill level 9 in Axes
  5935 | Shoals:2 | Reached skill level 9 in Maces & Flails
  5935 | Shoals:2 | Reached skill level 9 in Polearms
  5935 | Shoals:2 | Reached skill level 9 in Staves
  5935 | Shoals:2 | Reached skill level 9 in Slings
  5935 | Shoals:2 | Reached skill level 9 in Bows
  5935 | Shoals:2 | Reached skill level 9 in Crossbows
  5935 | Shoals:2 | Reached skill level 9 in Throwing
  5935 | Shoals:2 | Reached skill level 9 in Armour
  5935 | Shoals:2 | Reached skill level 9 in Shields
  5935 | Shoals:2 | Reached skill level 9 in Unarmed Combat
  5935 | Shoals:2 | Reached skill level 9 in Evocations
  6001 | Shoals:2 | Reached skill level 10 in Stealth
  6009 | Shoals:3 | Noticed a kraken
  6040 | Shoals:4 | Entered Level 4 of the Shoals
  6065 | Shoals:4 | Noticed Ilsuiw
  6070 | Shoals:4 | Reached skill level 10 in Invocations
  6083 | Shoals:4 | HP: 10/108 [satyr/arrow (14)]
  6092 | Shoals:4 | Noticed Polyphemus
  6095 | Shoals:4 | Slain by a death yak

Vault maps used:
D:1:      zaba_arrival_water
D:2:      grunt_gozag_statues
D:3:      marbit_many_paths, portal_sewer_entry_b, kennysheep_doodads,
          uniq_crazy_yiuf_cottage, uniq_sigmund
D:4:      lemuel_round_altar, first_ration
D:5:      gammafunk_temple_overflow_statue, minmay_temple_entry_large_hall,
          uniq_blork_the_orc
D:6:      lemuel_crystal_altar, uniq_grinder
D:7:      lemuel_mausoleum_altar_kikubaaqudgha, lemuel_round_altar, the_bakery,
          uniq_pikel
D:8:      cheibrodos_worm_habitat, ashenzari_altar_1
D:9:      lightli_temple_of_fire, minmay_lair_entry_lava
D:10:     kennysheep_generic_room_7
D:11:     basic_altar, serial_shops, shop, kennysheep_mini_moat, uniq_urug
D:12:     minmay_the_grid_octo_tiled_octocenter, david_orc_3, serial_shops,
          bzr_entry_customers, kennysheep_mini, shop, nicolae_shop_trees, shop,
          hangedman_decor_lopped, hangedman_weighted_door, uniq_kirke
D:13:     lightli_vaults_fourway_checkpoint, serial_shops, bzr_entry_gold,
          hex_tiny, moated_statue, hangedman_decor_slide_cut
D:14:     minmay_fountain_box
Temple:   nicolae_temple_god_jail
Lair:3:   basic_altar, roderic_batcave
Lair:4:   elwin_shoals_entry_stream, minmay_snake_entry_guardpost_small
Shoals:1: ldierk_geyser
Shoals:2: nicolae_shoals_hunting_party, uniq_frances
Shoals:4: shoals_end_grunt_garden, shoal_ilsuiw, uniq_polyphemus
Orc:1:    basic_altar
Orc:2:    st_orc_pillars, basic_altar, mines2_david, uniq_snorg
Bazaar:   bazaar_minmay_snake
Sewer:    sewer_fruit_machine

Skill      XL: |  1  2  3  4  5  6  7  8  9 10 11 12 13 14 |
---------------+-------------------------------------------+-----
Spellcasting   | 5 6 7 8 9 10 | 10.4
Invocations    | 1 2 3 4 5 6 7 8 9 10 | 10.0
Fighting       | 1 2 3 4 5 6 7 8 9 |  9.2
Short Blades   | 1 2 3 4 5 6 7 8 9 |  9.2
Long Blades    | 1 2 3 4 5 6 7 8 9 |  9.2
Axes           | 1 2 3 4 5 6 7 8 9 |  9.2
Maces & Flails | 1 2 3 4 5 6 7 8 9 |  9.2
Polearms       | 1 2 3 4 5 6 7 8 9 |  9.2
Staves         | 1 2 3 4 5 6 7 8 9 |  9.2
Slings         | 1 2 3 4 5 6 7 8 9 |  9.2
Bows           | 1 2 3 4 5 6 7 8 9 |  9.2
Crossbows      | 1 2 3 4 5 6 7 8 9 |  9.2
Throwing       | 1 2 3 4 5 6 7 8 9 |  9.2
Armour         | 1 2 3 4 5 6 7 8 9 |  9.2
Shields        | 1 2 3 4 5 6 7 8 9 |  9.2
Unarmed Combat | 1 2 3 4 5 6 7 8 9 |  9.2
Evocations     | 1 2 3 4 5 6 7 8 9 |  9.2
Conjurations   | 1 2 3 4 5 6 7 |  7.7
Hexes          | 1 2 3 4 5 6 7 |  7.7
Charms         | 1 2 3 4 5 6 7 |  7.7
Summonings     | 1 2 3 4 5 6 7 |  7.7
Translocations | 1 2 3 4 5 6 7 |  7.7
Transmutations | 1 2 3 4 5 6 7 |  7.7
Fire Magic     | 1 2 3 4 5 6 7 |  7.7
Ice Magic      | 1 2 3 4 5 6 7 |  7.7
Air Magic      | 1 2 3 4 5 6 7 |  7.7
Earth Magic    | 1 2 3 4 5 6 7 |  7.7
Poison Magic   | 1 2 3 4 5 6 7 |  7.7
Dodging        | 5 6 7 8 9 10 | 10.3
Stealth        | 5 6 7 8 9 10 | 10.1
Necromancy     | 8 9 10 | 10.4

Action                   |  1- 3 |  4- 6 |  7- 9 | 10-12 | 13-15 || total
-------------------------+-------+-------+-------+-------+-------++-------
Melee: Dagger            |    35 |    53 |       |     7 |     4 ||    99
       Bite              |     1 |     9 |    19 |    87 |    81 ||   197
       Punch             |       |     1 |     3 |     7 |       ||    11
       Whip              |       |     3 |   149 |   480 |   200 ||   832
       Hand axe          |       |       |       |       |    40 ||    40
Throw: Tomahawk          |       |       |       |     8 |     2 ||    10
 Cast: Pain              |    35 |    40 |     8 |     5 |       ||    88
       Regeneration      |     3 |     1 |     6 |    13 |    13 ||    36
       Animate Skeleton  |     1 |     3 |     2 |    10 |     5 ||    21
       Vampiric Draining |       |     3 |     5 |    12 |       ||    20
       Borgnjor's Vile C |       |       |     1 |    36 |    31 ||    68
       Animate Dead      |       |       |     1 |     2 |     3 ||     6
       Death Channel     |       |       |       |       |     3 ||     3
       Summon Lightning  |       |       |       |       |     1 ||     1
Invok: Bend Time         |       |       |       |     6 |       ||     6
       Slouch            |       |       |       |     2 |     6 ||     8
Evoke: Wand              |       |     4 |     9 |    33 |    41 ||    87
  Use: Potion            |     1 |     2 |       |     5 |     6 ||    14
       Scroll            |     3 |     5 |     6 |    16 |    12 ||    42
 Stab: Sleeping          |     2 |     5 |     2 |     5 |    10 ||    24
       Invisible         |       |       |       |     2 |       ||     2
       Distracted        |       |       |       |     2 |     4 ||     6
  Eat: Chunk             |       |     2 |     1 |     9 |     3 ||    15
       Ration            |       |       |     1 |     1 |     3 ||     5
Armor: Robe              |     6 |    44 |    59 |    95 |       ||   204
       Steam dragon scal |       |       |       |    75 |    56 ||   131
       Skin              |       |       |       |     5 |       ||     5
Dodge: Dodged            |    30 |    81 |   107 |   560 |   243 ||  1021
Block: Buckler           |       |       |       |   108 |    52 ||   160
       Shield            |       |       |       |       |   133 ||   133

Table legend:
 A = Spawn XP
 B = Non-spawn XP
 C = Spawn XP percentage of total XP
 D = Spawn monster count
 E = Non-spawn monster count
 F = Spawn count percentage of total count
 G = Total turns spent on level
                    A         B        C        D         E        F      G
               +---------+---------+-------+---------+---------+-------+---------
         Total |       0 |   75353 |   0.0 |       0 |     494 |   0.0 |  6095
               +---------+---------+-------+---------+---------+-------+---------
           D:1 |       0 |      44 |   0.0 |       0 |      20 |   0.0 |   301
           D:2 |       0 |      43 |   0.0 |       0 |      12 |   0.0 |   186
           D:3 |       0 |      33 |   0.0 |       0 |      12 |   0.0 |   370
           D:4 |       0 |     340 |   0.0 |       0 |      10 |   0.0 |   222
           D:5 |       0 |     472 |   0.0 |       0 |      10 |   0.0 |   160
           D:6 |       0 |     735 |   0.0 |       0 |      18 |   0.0 |   276
           D:7 |       0 |    1742 |   0.0 |       0 |      11 |   0.0 |   202
           D:8 |       0 |    2765 |   0.0 |       0 |      34 |   0.0 |   449
           D:9 |       0 |    2329 |   0.0 |       0 |      19 |   0.0 |   450
          D:10 |       0 |    1222 |   0.0 |       0 |      33 |   0.0 |   338
          D:11 |       0 |    3225 |   0.0 |       0 |      21 |   0.0 |   340
          D:12 |       0 |   14526 |   0.0 |       0 |      81 |   0.0 |   751
          D:13 |       0 |    9694 |   0.0 |       0 |      29 |   0.0 |   325
          D:14 |       0 |     362 |   0.0 |       0 |       1 |   0.0 |    55
        Lair:1 |       0 |      50 |   0.0 |       0 |       1 |   0.0 |    81
        Lair:4 |       0 |    1466 |   0.0 |       0 |       4 |   0.0 |    19
      Shoals:1 |       0 |    1456 |   0.0 |       0 |       3 |   0.0 |    58
      Shoals:2 |       0 |   10334 |   0.0 |       0 |      19 |   0.0 |   153
      Shoals:3 |       0 |    1086 |   0.0 |       0 |       1 |   0.0 |    33
      Shoals:4 |       0 |    6598 |   0.0 |       0 |      11 |   0.0 |    55
         Orc:1 |       0 |    1806 |   0.0 |       0 |      29 |   0.0 |   275
         Orc:2 |       0 |   14990 |   0.0 |       0 |     102 |   0.0 |   477
         Sewer |       0 |      35 |   0.0 |       0 |      13 |   0.0 |   156
               +---------+---------+-------+---------+---------+-------+---------

Table legend:
 A = Turns spent in this place as a percentage of turns spent in the entire game.
 B = Non-inter-level travel turns spent in this place as a percentage of non-inter-level travel turns spent in the entire game.
 C = Inter-level travel turns spent in this place as a percentage of turns spent in this place.
 D = Turns resting spent in this place as a percentage of non-inter-level travel turns spent in this place.
 E = Turns spent auto-exploring this place as a percentage of non-inter-level travel turns spent in this place.
 F = Non-inter-level travel turns spent in this place divided by the number of levels of this place that you've seen.
                   A       B       C       D       E      F
               +-------+-------+-------+-------+-------+----------------------
         Total | 100.0 | 100.0 |   1.1 |   0.1 |   0.1 | 223.3
       Dungeon |  72.6 |  73.1 |   0.4 |   0.2 |   0.0 | 314.9
        Temple |   0.9 |   0.8 |   7.5 |   0.0 |   0.0 |  49.0
          Lair |   2.8 |   2.8 |   0.0 |   0.0 |   0.0 |  42.5
        Shoals |   4.9 |   5.0 |   0.0 |   0.0 |   0.0 |  74.8
  Orcish Mines |  12.3 |  11.7 |   6.2 |   0.0 |   0.0 | 352.5
        Bazaar |   3.9 |   4.0 |   0.0 |   0.0 |   2.9 | 240.0
         Sewer |   2.6 |   2.6 |   0.0 |   0.0 |   0.0 | 156.0
               +-------+-------+-------+-------+-------+----------------------

Table legend:
 A = Kills in this place as a percentage of kills in entire the game.
 B = Kills by you in this place as a percentage of kills by you in the entire game.
 C = Kills by friends in this place as a percentage of kills by friends in the entire game.
 D = Other kills in this place as a percentage of other kills in the entire game.
 E = Experience gained in this place as a percentage of experience gained in the entire game.
 F = Experience gained in this place divided by the number of levels of this place that you have seen.
                   A       B       C       D       E      F
               +-------+-------+-------+-------+-------+----------------------
         Total | 100.0 | 100.0 | 100.0 | 100.0 | 100.0 | 2790.9
       Dungeon |  63.0 |  61.8 |  70.7 | 100.0 |  49.8 | 2680.9
          Lair |   1.0 |   1.1 |   0.0 |   0.0 |   2.0 | 379.0
        Shoals |   6.9 |   5.7 |  15.5 |   0.0 |  25.8 | 4868.5
  Orcish Mines |  26.5 |  28.3 |  13.8 |   0.0 |  22.3 | 8398.0
         Sewer |   2.6 |   3.0 |   0.0 |   0.0 |   0.0 |  35.0
               +-------+-------+-------+-------+-------+----------------------

Vault maps used:
D:1:      zaba_arrival_water
D:2:      grunt_gozag_statues
D:3:      marbit_many_paths, portal_sewer_entry_b, kennysheep_doodads,
          uniq_crazy_yiuf_cottage, uniq_sigmund
D:4:      lemuel_round_altar, first_ration
D:5:      gammafunk_temple_overflow_statue, minmay_temple_entry_large_hall,
          uniq_blork_the_orc
D:6:      lemuel_crystal_altar, uniq_grinder
D:7:      lemuel_mausoleum_altar_kikubaaqudgha, lemuel_round_altar, the_bakery,
          uniq_pikel
D:8:      cheibrodos_worm_habitat, ashenzari_altar_1
D:9:      lightli_temple_of_fire, minmay_lair_entry_lava
D:10:     kennysheep_generic_room_7
D:11:     basic_altar, serial_shops, shop, kennysheep_mini_moat, uniq_urug
D:12:     minmay_the_grid_octo_tiled_octocenter, david_orc_3, serial_shops,
          bzr_entry_customers, kennysheep_mini, shop, nicolae_shop_trees, shop,
          hangedman_decor_lopped, hangedman_weighted_door, uniq_kirke
D:13:     lightli_vaults_fourway_checkpoint, serial_shops, bzr_entry_gold,
          hex_tiny, moated_statue, hangedman_decor_slide_cut
D:14:     minmay_fountain_box
Temple:   nicolae_temple_god_jail
Lair:3:   basic_altar, roderic_batcave
Lair:4:   elwin_shoals_entry_stream, minmay_snake_entry_guardpost_small
Shoals:1: ldierk_geyser
Shoals:2: nicolae_shoals_hunting_party, uniq_frances
Shoals:4: shoals_end_grunt_garden, shoal_ilsuiw, uniq_polyphemus
Orc:1:    basic_altar
Orc:2:    st_orc_pillars, basic_altar, mines2_david, uniq_snorg
Bazaar:   bazaar_minmay_snake
Sewer:    sewer_fruit_machine
